 Dungeon Crawl Stone Soup version 0.16-a0-702-gf4f471d (webtiles) character file.

296 MackTheKnife the Insei (level 6, -8/47 HPs)
             Began as a Human Monk on Sept 20, 2014.
             Mangled by an iguana (10 damage)
             ... on Level 4 of the Dungeon.
             The game lasted 00:06:48 (4620 turns).

MackTheKnife the Insei (Human Monk)                 Turns: 4620, Time: 00:06:49

HP  -8/47        AC  6     Str 11      XL: 6   Next: 61%
MP   6/6         EV 12     Int 11      God:
Gold 220         SH  0     Dex 17      Spells:  0 memorised,  5 levels left

rFire  . . .     SeeInvis .       - Unarmed
rCold  . . .     Clarity  .     f - +0 leather armour
rNeg   . . .     rCorr    .     (no shield)
rPois  .         rRot     .     c - +2 helmet
rElec  .         Spirit   .     (no cloak)
SustAb .         Warding  .     (no gloves)
rMut   .         Stasis   .     (no boots)
Gourm  .                        l - amulet of faith {!P}
MR     .....                    (no ring)
                                (no ring)

@: confused, not resistant to hostile enchantments, very unstealthy
A: no striking features
a: no special abilities


You were on level 4 of the Dungeon.
You were not hungry.

You visited 1 branch of the dungeon, and saw 4 of its levels.

You collected 220 gold pieces.


   Skills:
 - Level 3.0 Fighting
 - Level 3.0 Dodging
 - Level 2.0 Stealth
 + Level 7.4 Unarmed Combat


You had 5 spell levels left.
You didn't know any spells.

Inventory:

Missiles
 n - 3 stones (quivered)
Armour
 c - a +2 helmet (worn)
 f - a +0 leather armour (worn)
Comestibles
 b - 6 bread rations
 p - a meat ration
Scrolls
 d - 3 scrolls of remove curse
 g - 2 scrolls of enchant armour
 h - 6 scrolls of identify
Jewellery
 l - an amulet of faith (around neck) {!P}
Potions
 e - 2 potions of magic
 j - 2 potions of confusion {!q}
 o - a potion of cure mutation {unknown}

▒··▒ ▒··▒ ▒<·▒
▒··▒▒▒▒▒▒▒▒▒
▒▒▒_··········
▒···▒▒▒▒▒▒▒▒▒▒
▒·▒▒▒ ▒·▒ ▒p▒
▒l▒ ▒(▒ ▒·▒
·········▒
▒▒▒··▒▒▒▒ ▒· ▒


You could see an iguana.


Message History

You hit the iguana.
The iguana is moderately wounded.
The iguana misses you.
You closely miss the iguana.
The iguana is moderately wounded.
The iguana bites you.
You barely miss the iguana.
The iguana is moderately wounded.
The iguana bites you.
You hit the iguana.
The iguana is heavily wounded.
The iguana bites you.
You completely miss the iguana.
The iguana is heavily wounded.
You hit the iguana but do no damage.
The iguana is heavily wounded.
The iguana bites you.
* * * LOW HITPOINT WARNING * * *
You hit the iguana but do no damage.
The iguana is heavily wounded.
The iguana bites you!
* * * LOW HITPOINT WARNING * * *
You see here 9 stones.
Drink which item? (? for menu, Esc to quit)
You are confused.
It was a potion of confusion.
The iguana bites you!
* * * LOW HITPOINT WARNING * * *
Drink which item? (? for menu, Esc to quit)
You feel refreshed.
It was a potion of restore abilities.
The iguana bites you!
You die...

Action                   |  1- 3 |  4- 6 || total
-------------------------+-------+-------++-------
Melee: Unarmed           |   110 |   299 ||   409
  Use: Scroll            |     1 |     8 ||     9
       Potion            |       |     2 ||     2
 Stab: Sleeping          |       |     5 ||     5
  Eat: Chunk             |     1 |     9 ||    10
       Bread ration      |       |     1 ||     1

Vault maps used:
D:1:      wheals_arrival_linesprint, minmay_misc_feat_room, columned_hall_lemuel
D:2:      lemuel_blue_sif_altar, serial_forest, infiniplex_forest_lined_2,
          infiniplex_forest_lined_room_, infiniplex_forest_lined_3,
          infiniplex_forest_lined_corner, infiniplex_forest_lined_2,
          infiniplex_forest_end_2, minmay_box_of_dots, uniq_iyjb, uniq_sigmund,
          uniq_terence
D:3:      kennysheep_vampire_church, first_bread, minmay_snake_closets
D:4:      nemelex_deck, xom_confusion_cloud

Notes
Turn   | Place    | Note
--------------------------------------------------------------
     0 | D:1      | MackTheKnife, the Human Monk, began the quest for the Orb.
     0 | D:1      | Reached XP level 1. HP: 18/18 MP: 1/1
   310 | D:1      | Reached XP level 2. HP: 18/24 MP: 2/2
   792 | D:1      | Reached XP level 3. HP: 22/29 MP: 3/3
  1065 | D:1      | Reached skill level 5 in Unarmed Combat
  1251 | D:2      | Found a deep blue altar of Sif Muna.
  1456 | D:2      | Reached XP level 4. HP: 33/35 MP: 4/4
  1700 | D:2      | Noticed Sigmund
  1897 | D:2      | Noticed Terence
  2318 | D:2      | Noticed Ijyb
  2344 | D:2      | Killed Ijyb
  2344 | D:2      | Reached skill level 6 in Unarmed Combat
  2344 | D:2      | Reached XP level 5. HP: 29/41 MP: 5/5
  2990 | D:3      | Reached XP level 6. HP: 30/47 MP: 6/6
  3222 | D:3      | Reached skill level 7 in Unarmed Combat
  4161 | D:3      | Found an ancient bone altar of Kikubaaqudgha.
  4586 | D:4      | Found a sparkling altar of Nemelex Xobeh.
  4619 | D:4      | HP: 2/47 [iguana (8)]
  4620 | D:4      | Mangled by an iguana

Vanquished Creatures
  Ijyb (D:2)
  13 adders
  4 gnolls (D:3)
  2 giant mites
  A worm (D:3)
  4 giant geckos
  3 orcs (D:3)
  3 bat skeletons (D:3)
  2 bat zombies (D:3)
  2 giant cockroaches (D:3)
  22 hobgoblins
  6 kobolds
  4 ball pythons
  5 bats
  4 giant newts
  11 goblins
  5 quokkas
  9 rats
101 creatures vanquished.

Vanquished Creatures (others)
  2 hounds (D:4)
  An orc (D:4)
  A hobgoblin (D:4)
4 creatures vanquished.

Grand Total: 105 creatures vanquished
